 Dungeon Crawl Stone Soup version 0.31-a0-819-gf6de2f5ab6 (webtiles) character file.

Game seed: 11272632923004493016

147 qw the Shooter (level 5, -12/32 HPs)
             Began as a Gargoyle Hunter on Sept 23, 2023.
             Killed by divine providence
             ... invoked by an orc priest
              (14 damage)
             ... on level 4 of the Dungeon.
             The game lasted 00:00:57 (2359 turns).

qw the Shooter (Gargoyle Hunter)                    Turns: 2359, Time: 00:00:57

Health: -12/32     AC:  7    Str: 14    XL:     5   Next: 29%
Magic:  5/5        EV: 11    Int: 10    God:
Gold:   186        SH:  0    Dex: 15    Spells: 4/4 levels left

rFire   . . .        Y - +2 shortbow
rCold   . . .        (shield currently unavailable)
rNeg    + . .        c - +0 leather armour
rPois   inf          (no helmet)
rElec   +            (no cloak)
rCorr   .            (no gloves)
SInv    .            (no boots)
Will    .....        (no amulet)
Stlth   ++           (no ring)
HPRegen 0.25/turn    (no ring)
MPRegen 0.09/turn

%: no passive effects
@: about to teleport
A: sickness immunity, AC +4, negative energy resistance 1, electricity
resistance, torment resistance 1, petrification resistance
a: no special abilities


You were on level 4 of the Dungeon.
You visited 1 branch of the dungeon, and saw 4 of its levels.

You collected 186 gold pieces.


Innate Abilities, Weirdness & Mutations

You are immune to sickness and miasma.
Your stone body is resilient. (AC +4)
You are immune to poison.
You resist negative energy. (rN+)
You are resistant to electric shocks. (rElec)
You are resistant to unholy torment.
You are immune to petrification.


   Skills:
 - Level 3.4 Fighting
 + Level 5.9 Ranged Weapons
 - Level 1.5 Dodging
 - Level 1.1 Stealth


You had 4 spell levels left.
You didn't know any spells.
Your spell library was empty.

Inventory:

Hand Weapons
 Y - a +2 shortbow (weapon)
Armour
 c - a +0 leather armour (worn)
Scrolls
 b - a scroll of identify
Potions
 d - a potion of curing
 e - a potion of mutation {unknown}
 f - a potion of berserk rage {unknown}
 g - 3 potions of haste

Dungeon Overview and Level Annotations

Branches:
Dungeon (4/15)
 Temple: D:4-7

Altars:
Vehumet

Shops:
D:1 *==[


Message History

The orc wizard is severely wounded.
The orc wizard hits you with a +0 dagger.
You shoot an arrow. The arrow hits the orc wizard.
The orc wizard is almost dead.
The orc wizard hits you with a +0 dagger.
An endoplasm comes into view.
You shoot an arrow. The arrow barely misses the orc wizard.
The arrow barely misses the orc priest.
The orc wizard hits you but does no damage.
You shoot an arrow. The arrow hits the orc wizard.
You kill the orc wizard!
You shoot an arrow. The arrow hits the orc priest.
The orc priest is moderately wounded.
The orc priest closely misses you.
You shoot an arrow. The arrow barely misses the orc priest.
The arrow hits the orc.
The orc is severely wounded.
The orc priest hits you with a +0 whip. x2
You shoot an arrow. The arrow hits the orc priest.
The orc priest is moderately wounded.
The orc priest hits you with a +0 whip.
You shoot an arrow. The arrow barely misses the orc priest.
The arrow hits the orc.
You kill the orc!
The orc priest calls down the wrath of Beogh upon you.
Beogh smites you!
Ouch! That really hurt!
2357 ||| READING scroll of teleportation.
As you read the scroll of teleportation, it crumbles to dust.
You feel strangely unstable. The orc priest completely misses you.
You shoot an arrow. The arrow barely misses the orc priest.
The arrow hits the endoplasm!
You kill the endoplasm!
The orc priest barely misses you.
You shoot an arrow. The arrow hits the orc priest.
The orc priest is severely wounded.
The orc priest mumbles some strange prayers to Beogh against you.
Beogh smites you!
You die...

#.# #.# #.# #.# #.#
#.####### # ######.
#>....... .. .......
##.#######.####....##.
#..........#.@os......
#.......####.##....###
#.......# #...#....#
#.......# #...#o...#
#.......###...#)...#
#............##....#
........######## .o..#
........# ...s#
........#


You could see a scorpion and an orc priest.

Vanquished Creatures
  Jessica (D:2)
  An orc wizard (D:4)
  2 adders
  A worm (D:2)
  3 dart slugs
  3 orcs
  6 ball pythons
  10 bats
  7 endoplasms
  2 giant cockroaches
  7 goblins
  3 hobgoblins
  3 quokkas
  4 frilled lizards
  3 kobolds (D:1)
  3 rats (D:1)
59 creatures vanquished.

Notes
Turn   | Place    | Note
-------+----------+-------------------------------------------
     0 | D:1      | qw the Gargoyle Hunter began the quest for the Orb.
     0 | D:1      | Reached XP level 1. HP: 12/12 MP: 1/1
     0 | D:1      | 0 ||| qw: Version: 0.3-a-83-gcd0e7d8
     0 | D:1      | 0 ||| qw: Game counter: 1495
     0 | D:1      | 0 ||| qw: Melee chars always use a shield: true
     0 | D:1      | 0 ||| qw: God list: Okawaru
     0 | D:1      | 0 ||| qw: Allow faded altars: false
     0 | D:1      | 0 ||| qw: Do Orc after clearing Dungeon:15 true
     0 | D:1      | 0 ||| qw: Do second Lair branch before Depths: true
     0 | D:1      | 0 ||| qw: Lair rune preference: random
     0 | D:1      | 0 ||| qw: Goals: Normal
     0 | D:1      | 0 ||| PLANNING D:1-11
   114 | D:1      | Found Manu's Jewellery Shop.
   119 | D:1      | 119 ||| SHOPLISTING amulet of regeneration (420 gold, have
                  | 12).
   119 | D:1      | 119 ||| SHOPLISTING ring of resist corrosion (280 gold,
                  | have 12).
   119 | D:1      | 119 ||| SHOPLISTING ring of see invisible (210 gold, have
                  | 12).
   171 | D:1      | Found Baerul's General Store.
   181 | D:1      | 181 ||| SHOPLISTING +0 ring mail (48 gold, have 12).
   181 | D:1      | 181 ||| SHOPLISTING scroll of identify (24 gold, have 12).
   268 | D:1      | Found Hoxic's Armour Emporium.
   273 | D:1      | 273 ||| SHOPLISTING +0 pair of gloves (54 gold, have 12).
   273 | D:1      | 273 ||| SHOPLISTING +0 ring mail (48 gold, have 12).
   310 | D:1      | Reached XP level 2. HP: 17/17 MP: 2/2
   312 | D:1      | 312 ||| DROPPING scarf of harm.
   319 | D:1      | 319 ||| DROPPING scroll of butterflies.
   354 | D:1      | 354 ||| READING scroll labelled YGAJIHISIL.
   426 | D:1      | Reached XP level 3. HP: 20/21 MP: 3/3
   437 | D:1      | Reached skill level 5 in Ranged Weapons
   573 | D:1      | Found Acajem's Jewellery Emporium.
   577 | D:1      | 577 ||| SHOPLISTING +4 ring of slaying (1092 gold, have
                  | 35).
   577 | D:1      | 577 ||| SHOPLISTING +6 ring of strength (504 gold, have
                  | 35).
   577 | D:1      | 577 ||| SHOPLISTING amulet of faith (560 gold, have 35).
   577 | D:1      | 577 ||| SHOPLISTING amulet of the acrobat (420 gold, have
                  | 35).
   577 | D:1      | 577 ||| SHOPLISTING ring of Kofrufam {Ice Str+6 SInv} (683
                  | gold, have 35).
   577 | D:1      | 577 ||| SHOPLISTING ring of fire (350 gold, have 35).
   863 | D:1      | 863 ||| READING scroll labelled JEPTOC ZEEW.
   900 | D:2      | 900 ||| STAIRDANCE
   988 | D:2      | Noticed Jessica
   997 | D:2      | HP: 4/22 [Jessica/+2 dagger of venom (3)]
   998 | D:2      | Killed Jessica
   999 | D:2      | Reached skill level 3 in Fighting
   999 | D:2      | Reached XP level 4. HP: 5/28 MP: 4/4
  1477 | D:2      | 1477 ||| READING scroll labelled NYAPE AFAXT.
  1480 | D:2      | 1480 ||| READING scroll labelled ICAMEKILOS.
  1481 | D:2      | 1481 ||| READING scroll labelled WASIOM DUZA.
  1482 | D:2      | 1482 ||| DRINKING 3 metallic puce potions.
  1659 | D:3      | Found a faded altar of an unknown god.
  1889 | D:3      | Found a radiant altar of Vehumet.
  1986 | D:3      | 1986 ||| READING scroll of enchant weapon.
  1986 | D:3      | 1986 ||| ENCHANTING +1 shortbow.
  2262 | D:3      | 2262 ||| READING scroll labelled CUCAAMNYMIN.
  2263 | D:3      | 2263 ||| DRINKING 3 emerald potions.
  2264 | D:3      | 2264 ||| READING 2 scrolls of identify.
  2264 | D:3      | 2264 ||| IDENTIFYING cyan potion
  2265 | D:3      | 2265 ||| DROPPING potion of attraction.
  2317 | D:4      | Reached XP level 5. HP: 32/32 MP: 5/5
  2343 | D:4      | 2343 ||| Stepping ~*~*~tactically~*~*~ (retreating).
  2347 | D:4      | 2347 ||| DRINKING 2 potions of curing.
  2347 | D:4      | 2347 ||| (to cure confusion)
  2356 | D:4      | HP: 1/32 [orc priest/divine providence (17)]
  2357 | D:4      | 2357 ||| READING scroll of teleportation.
  2359 | D:4      | Killed from afar by an orc priest

Levels and vault maps discovered:
D:1:      dpeg_arrival_arbitrary_a, layout_loops_ring, serial_shops,
          nicolae_shop_gibbet_a_chance, nicolae_square_shop,
          nicolae_shop_waterfront, shop, nicolae_kite_square_tiling_tiny,
          minmay_tromino_v4_b
D:2:      layout_rooms, kennysheep_minor_cross, uniq_jessica
D:3:      layout_loops_corners, vehumet_crystals,
          shapermc_ecumenical_altar_acropolis
D:4:      layout_basic, serial_shops, shop, minivault_27,
          roderic_nine_men_s_morris, uniq_crazy_yiuf_cottage, uniq_ijyb

Skill      XL: |  1  2  3 |
---------------+----------+-----
Ranged Weapons | 5 |  5.9
Fighting       | 3 |  3.4
Dodging        | |  1.5
Stealth        | |  1.1

Action                     |  1- 3 |  4- 6 || total
---------------------------+-------+-------++-------
   Fire: Shortbow          |   101 |   104 ||   205
    Use: Scroll            |     2 |     7 ||     9
         Potion            |       |     3 ||     3
 Armour: Leather armour    |    24 |    28 ||    52
  Dodge: Dodged            |    14 |    21 ||    35

Table legend:
 A = Non-vault XP
 B = Vault XP
 C = Vault XP percentage of total XP
 D = Non-vault monster count
 E = Vault monster count
 F = Vault count percentage of total count
                 A         B        C        D         E       F
            +---------+---------+-------+---------+---------+-------
      Total |     167 |      43 |  20.5 |      56 |       3 |   5.1
            +---------+---------+-------+---------+---------+-------
        D:1 |      44 |       6 |  12.0 |      24 |       2 |   7.7
        D:2 |      25 |      37 |  59.7 |      12 |       1 |   7.7
        D:3 |      40 |       0 |   0.0 |      15 |       0 |   0.0
        D:4 |      58 |       0 |   0.0 |       5 |       0 |   0.0
            +---------+---------+-------+---------+---------+-------
